 Dungeon Crawl Stone Soup version 0.26.1-11-gd32895ea62 (webtiles) character file.

Game seed: 11292979400793416255

48374 Almogavar the Covert (level 14, -13/78 HPs)
             Began as a Kobold Conjurer on May 24, 2021.
             Was a High Priest of Nemelex Xobeh.
             Mangled by Donald
             ... wielding a +3 eveningstar of protection
              (44 damage)
             ... on level 2 of the Orcish Mines.
             The game lasted 01:32:46 (26815 turns).

Almogavar the Covert (Kobold Conjurer)             Turns: 26815, Time: 01:32:47

Health: -13/78     AC:  9    Str:  4    XL:     14   Next: 86%
Magic:  45/49      EV: 37    Int: 23    God:    Nemelex Xobeh [*****.]
Gold:   2687       SH:  6    Dex: 15    Spells: 26/39 levels left

rFire    . . .     SeeInvis .   y - +0 short sword (venom)
rCold    . . .     Faith    .   D - +0 buckler of the Sea {MP+9 Slay+3}
rNeg     . . .     Spirit   .   v - +0 steam dragon scales
rPois    .         Reflect  .   H - +0 helmet
rElec    .         Harm     .   (no cloak)
rCorr    .         Rampage  .   B - +0 pair of gloves
Will     +....                  g - +0 pair of boots
Stlth    +++++++...             e - amulet of the acrobat
HPRegen  0.23/turn              P - ring of wizardry
MPRegen  0.31/turn              r - ring of magical power

@: acrobat
A: small, nightstalker 3
a: Renounce Religion, Draw Escape, Draw Destruction, Draw Summoning, Triple
Draw, Deal Four, Stack Five


You were on level 2 of the Orcish Mines.
You worshipped Nemelex Xobeh.
Nemelex Xobeh was extremely pleased with you.
You visited 4 branches of the dungeon, and saw 19 of its levels.
You also visited: Bailey.

You collected 2687 gold pieces.

Inventory:

Hand Weapons
 y - a +0 short sword of venom (weapon)
Missiles
 b - 79 poisoned darts
Armour
 g - a +0 pair of boots (worn)
 n - a +0 ring mail of willpower
 v - +0 steam dragon scales (worn)
 B - a +0 pair of gloves (worn)
 D - the +0 buckler of the Sea (worn) {MP+9 Slay+3}
   (You acquired it on level 10 of the Dungeon)

   It affects your accuracy and damage with ranged weapons and melee attacks
   (+3).
   It affects your magic capacity (+9).
 H - a +0 helmet (worn)
 O - a +2 buckler of protection
Jewellery
 d - a +4 ring of protection
 e - an amulet of the acrobat (around neck)
 f - an uncursed ring of resist corrosion
 k - an uncursed ring of willpower
 r - a ring of magical power (right hand)
 A - a +6 ring of dexterity
 G - an uncursed ring of protection from cold
 P - a ring of wizardry (left hand)
Wands
 i - a wand of iceblast (17)
 L - a wand of paralysis (8)
 M - a wand of digging (2)
Scrolls
 a - 3 scrolls of magic mapping
 c - 2 scrolls of blinking
 h - 2 scrolls of enchant armour
 j - 5 scrolls of teleportation
 l - 2 scrolls of amnesia
 t - 7 scrolls of remove curse
 w - 5 scrolls of fog
 C - 3 scrolls of summoning
 E - a scroll of fear
 I - 6 scrolls of enchant weapon
 J - 2 scrolls of noise {unknown}
 N - a scroll of holy word {unknown}
Potions
 m - 6 potions of cancellation
 o - 7 potions of curing
 p - a potion of haste
 s - 2 potions of resistance
 u - 3 potions of heal wounds
 x - 2 potions of brilliance
 F - 4 potions of might
 K - a potion of flight


   Skills:
 + Level 5.6 Fighting
 + Level 6.1 Short Blades
 - Level 3.0 Armour
 + Level 10.8 Dodging
 + Level 14.4 Stealth
 - Level 5.0 Shields
 + Level 13.0 Spellcasting
 + Level 13.1 Conjurations
 + Level 1.0 Hexes
 + Level 0.8 Translocations
 + Level 0.3 Air Magic
 + Level 0.3 Evocations


You had 26 spell levels left.
You knew the following spells:

 Your Spells              Type           Power        Failure   Level
a - Magic Dart            Conj           100%         0%          1
b - Searing Ray           Conj           100%         1%          2
c - Dazzling Flash        Conj/Hex       94%          1%          3
d - Iskenderun's Mystic   Conj/Tloc      47%          1%          4
e - Mephitic Cloud        Conj/Pois/Air  35%          1%          3

Your spell library contained the following spells:

 Spells                   Type           Power        Failure   Level
 Blink                    Tloc           N/A          1%          2
 Slow                     Hex            19%          1%          2
 Conjure Flame            Conj/Fire      45%          1%          3
 Fulminant Prism          Conj/Hex       23%          1%          4
 Call Imp                 Summ           14%          2%          2
 Cause Fear               Hex            9%           12%         4
 Silence                  Hex/Air        9%           34%         5
 Yara's Violent Unravell  Hex/Tmut       8%           34%         5
 Discord                  Hex            9%           100%        8


Dungeon Overview and Level Annotations

Branches:
Dungeon (10/15)            Temple (1/1) D:7            Lair (6/6) D:8
 Shoals (0/4) Lair:2       Spider (0/4) Lair:2        Slime (0/5) Lair:5
    Orc (2/2) D:9          Bailey (visited)
    Elf: Orc:2

Altars:
Ashenzari
Cheibriados
Fedhas
Gozag
Makhleb
Nemelex Xobeh
Okawaru
Qazlal
Sif Muna
Trog
Uskayaw
Xom
Zin
Beogh
Jiyva

Shops:
Orc:2 [*

Annotations:
D:4 2 transporters, boysha's ghost, novice GnGl
Lair:4 exclusion: oklob plant
Orc:2 Donald


Innate Abilities, Weirdness & Mutations

You are small and have problems with some larger weapons.
You are completely attuned to the shadows.


Message History

You block Donald's attack. The hellwing misses you.
The hellwing barely misses you.
Casting: Searing Ray (safe; 1% risk of failure)
Confirm with . or Enter, or press ? or * to list all spells.
Aiming: Searing Ray (safe; 1% risk of failure)
Press: ? - help, Shift-Dir - straight line, f/p - Donald
Aim: Donald, wielding a +3 eveningstar of protection, wearing a +0 plate armour and wearing a +0 kite shield of reflection (severely wounded, fast, strong, 8% to evade)
The searing ray hits Donald.
Donald is almost dead. (Press . to maintain the ray.) Donald hits you with a +3 eveningstar of protection!!!
Ouch! That really hurt!
The orc high priest closely misses you. The hellwing barely misses you.
The hellwing completely misses you.
The searing ray hits Donald!
Donald is almost dead.
Donald hits you with a +3 eveningstar of protection!!!
Ouch! That really hurt!
You die...
Your body disappears without a glow.

.....###......)...#
.....###......<[.## ..
......#......[.[..# ....
......##.......[.###.....
..........................
##................[.......
#...o....####..........#
##.........# ##...4....##
#.........## #.4@.o.....#
.............#.)@........#
......#... ....$..##......
.....##.. ........P#.....
......# ....P..P..P....
...#### ....P.).... .....
......[.8.. .....
........PP ..... ....∩....


You could see Donald (fast, strong), an orc high priest, a hellwing (summoned)
and a red devil (summoned).

Vanquished Creatures
  Josephine (Lair:5)
  A hydra (Lair:4)
  A boulder beetle (Lair:5)
  3 two-headed ogres
  11 death yaks
  An ogre mage (Orc:1)
  A lindwurm (Lair:6)
  An orc knight (Bailey)
  An orc sorcerer (Orc:2)
  A moth of wrath (Lair:6)
  5 elephants
  2 black mambas
  A torpor snail (Lair:2)
  13 cane toads
  A gargoyle (D:8)
  5 komodo dragons
  Maggie (D:7)
  4 rime drakes
  A troll (Orc:1)
  6 hornets (Lair:6)
  3 polar bears
  17 blink frogs
  A snapping turtle (Lair:2)
  5 dream sheep (Lair:5)
  2 wyverns
  Sigmund (D:2)
  A shadow (D:10)
  5 wraiths
  12 spriggans
  35 yaks
  5 basilisks
  A steam dragon (D:10)
  3 wargs
  19 water moccasins
  2 ice beasts
  3 sky beasts
  2 phantoms
  11 orc warriors
  6 black bears
  9 ogres
  5 centaurs
  31 wolves
  3 boggarts (Lair:6)
  20 bullfrogs
  A gnoll sergeant (D:6)
  4 scorpions
  The ghost of tuca1 the Skirmisher, a weakling HOFi (D:3)
  3 killer bees (D:8)
  2 howler monkeys
  2 bullfrog zombies
  A hound (D:9)
  2 jellies
  6 orc priests
  A centaur skeleton (D:7)
  An orc wizard (D:5)
  An iron imp (D:2)
  Jessica (D:3)
  Terence (D:3)
  2 iguanas
  6 worker ants
  7 hell rats (Lair:4)
  A killer bee zombie (D:5)
  2 hound zombies (D:7)
  2 hound skeletons
  A worker ant zombie (D:6)
  15 gnolls
  A howler monkey skeleton (D:8)
  17 adders
  2 white imps
  8 worms
  2 dart slugs
  8 leopard geckos
  37 orcs
  6 ball pythons
  3 giant cockroaches
  18 goblins
  15 hobgoblins
  13 jackals
  25 kobolds
  5 quokkas
  7 bats
  6 frilled lizards
  A quokka skeleton (D:4)
  8 rats
508 creatures vanquished.

Vanquished Creatures (collateral kills)
  A death yak (Lair:5)
1 creature vanquished.

Vanquished Creatures (others)
  81 fungi
  49 plants
130 creatures vanquished.

Grand Total: 639 creatures vanquished

Notes
Turn   | Place    | Note
-------+----------+-------------------------------------------
     0 | D:1      | Almogavar the Kobold Conjurer began the quest for the Orb.
     0 | D:1      | Reached XP level 1. HP: 10/10 MP: 3/3
   244 | D:1      | Reached XP level 2. HP: 15/15 MP: 1/5
   247 | D:1      | Learned a level 2 spell: Searing Ray
   814 | D:1      | Reached XP level 3. HP: 19/19 MP: 3/6
  1518 | D:2      | Reached skill level 1 in Short Blades
  1555 | D:2      | Reached skill level 3 in Stealth
  1555 | D:2      | Reached XP level 4. HP: 23/24 MP: 7/7
  1859 | D:2      | Reached skill level 4 in Stealth
  1859 | D:2      | Reached XP level 5. HP: 28/28 MP: 2/9
  2392 | D:2      | Found a shimmering blue altar of Sif Muna.
  2910 | D:2      | Reached skill level 5 in Conjurations
  3016 | D:2      | Reached XP level 6. HP: 31/32 MP: 10/10
  3044 | D:2      | Found a burning altar of Makhleb.
  3308 | D:2      | Reached skill level 5 in Stealth
  3652 | D:3      | Found a runed translucent gate.
  3652 | D:3      | Found a runed translucent gate.
  3654 | D:3      | Found a runed translucent gate.
  4049 | D:3      | Noticed Jessica
  4054 | D:3      | Killed Jessica
  4233 | D:3      | Found a shimmering altar of Xom.
  4908 | D:3      | Noticed Sigmund
  4951 | D:2      | Killed Sigmund
  4952 | D:2      | Reached skill level 6 in Stealth
  4952 | D:2      | Reached XP level 7. HP: 19/37 MP: 6/12
  5373 | D:3      | Noticed Terence
  5380 | D:3      | Killed Terence
  5557 | D:3      | Noticed tuca1's ghost (weakling HOFi)
  5564 | D:3      | Killed tuca1's ghost
  6003 | D:4      | Reached XP level 8. HP: 42/42 MP: 14/14
  6064 | D:4      | Found a transporter.
  6068 | D:4      | Found a transporter.
  6076 | D:4      | Noticed boysha's ghost (novice GnGl)
  6102 | D:4      | Found a roughly hewn altar of Beogh.
  6111 | D:4      | Reached skill level 7 in Stealth
  6724 | D:5      | Entered Level 5 of the Dungeon
  7291 | D:5      | Found a hide-covered altar of Uskayaw.
  7371 | D:5      | Found a bloodstained altar of Trog.
  7500 | D:5      | Reached skill level 1 in Fighting
  7503 | D:5      | Reached skill level 8 in Stealth
  7664 | D:5      | Reached skill level 1 in Armour
  7664 | D:5      | Reached skill level 5 in Spellcasting
  8033 | D:6      | Reached XP level 9. HP: 41/47 MP: 16/16
  8808 | D:7      | Found a snail-covered altar of Cheibriados.
  8893 | D:7      | Found a flagged portal.
  8917 | Bailey   | Entered a bailey
  9155 | Bailey   | Noticed an orc knight
  9249 | Bailey   | Killed an orc knight
  9254 | Bailey   | Reached skill level 9 in Stealth
  9721 | D:7      | Noticed Maggie
  9729 | D:7      | Killed Maggie
  9730 | D:7      | Reached XP level 10. HP: 53/53 MP: 19/20
  9806 | D:7      | Found a staircase to the Ecumenical Temple.
  9812 | Temple   | Entered the Ecumenical Temple
  9839 | Temple   | Became a worshipper of Nemelex Xobeh the Trickster
 10689 | D:8      | Found a stormy altar of Qazlal.
 11019 | D:8      | Found a blossoming altar of Fedhas.
 11104 | D:8      | Found a staircase to the Lair.
 11143 | D:8      | Reached * piety under Nemelex Xobeh
 11327 | D:8      | Found an opulent altar of Gozag.
 11617 | D:8      | Noticed a gargoyle
 11642 | D:8      | Killed a gargoyle
 11802 | D:8      | Received a gift from Nemelex Xobeh
 12120 | D:9      | Reached skill level 10 in Stealth
 12151 | D:9      | Learned a level 3 spell: Dazzling Flash
 12237 | D:9      | Found a staircase to the Orcish Mines.
 12709 | D:10     | Entered Level 10 of the Dungeon
 12709 | D:10     | Reached ** piety under Nemelex Xobeh
 12764 | D:10     | Identified a scroll of acquirement
 12765 | D:10     | Acquired the +0 buckler of the Sea {MP+9 Slay+3}
 13517 | D:10     | Received a gift from Nemelex Xobeh
 13777 | Lair:1   | Entered Level 1 of the Lair of Beasts
 13792 | Lair:1   | Noticed a rime drake
 13795 | Lair:1   | Killed a rime drake
 13796 | Lair:1   | Reached XP level 11. HP: 59/59 MP: 23/23
 13842 | Lair:1   | Reached skill level 5 in Dodging
 14091 | Lair:1   | Reached *** piety under Nemelex Xobeh
 14190 | Lair:1   | Received a gift from Nemelex Xobeh
 14284 | Lair:1   | Reached skill level 11 in Stealth
 14592 | Lair:1   | Reached skill level 5 in Short Blades
 14803 | Lair:1   | Reached skill level 10 in Conjurations
 15208 | Lair:2   | Reached skill level 10 in Spellcasting
 15436 | Lair:2   | Found a hole to the Spider Nest.
 15459 | Lair:2   | Received a gift from Nemelex Xobeh
 15533 | Lair:2   | Reached skill level 1 in Shields
 15539 | Lair:2   | Reached XP level 12. HP: 64/66 MP: 26/26
 15541 | Lair:2   | Reached skill level 12 in Stealth
 16037 | Lair:2   | Reached **** piety under Nemelex Xobeh
 16107 | Lair:2   | Noticed a death yak
 16127 | Lair:2   | Killed a death yak
 16546 | Lair:2   | Found a staircase to the Shoals.
 16558 | Lair:2   | Reached skill level 13 in Stealth
 16943 | Lair:3   | Received a gift from Nemelex Xobeh
 18187 | Lair:4   | Noticed a five-headed hydra
 18192 | Lair:4   | Killed a five-headed hydra
 18193 | Lair:4   | Reached XP level 13. HP: 71/71 MP: 28/28
 19742 | Lair:5   | Noticed a boulder beetle
 19846 | Lair:5   | Received a gift from Nemelex Xobeh
 20089 | Lair:5   | Noticed Josephine
 20168 | Lair:5   | Found a viscous altar of Jiyva.
 20168 | Lair:5   | Found a staircase to the Slime Pits.
 20191 | Lair:5   | Reached skill level 14 in Stealth
 20230 | Lair:5   | Killed a boulder beetle
 20314 | Lair:5   | Reached ***** piety under Nemelex Xobeh
 20559 | Lair:5   | Killed Josephine
 20716 | Lair:5   | Learned a level 4 spell: Iskenderun's Mystic Blast
 21196 | Lair:6   | Entered Level 6 of the Lair of Beasts
 21275 | Lair:6   | Received a gift from Nemelex Xobeh
 21413 | Lair:6   | Reached XP level 14. HP: 37/76 MP: 18/30
 21706 | Lair:6   | Reached skill level 5 in Fighting
 23172 | Lair:5   | Reached skill level 10 in Dodging
 23961 | Lair:6   | Reached skill level 1 in Hexes
 25205 | Lair:6   | Received a gift from Nemelex Xobeh
 25462 | D:8      | Learned a level 3 spell: Mephitic Cloud
 25523 | Orc:1    | Entered Level 1 of the Orcish Mines
 25657 | Orc:1    | Reached skill level 5 in Shields
 25999 | Orc:1    | Found a shimmering altar of Xom.
 26072 | Orc:2    | Entered Level 2 of the Orcish Mines
 26094 | Orc:2    | Found Marim's General Store.
 26462 | Orc:2    | Received a gift from Nemelex Xobeh
 26466 | Orc:2    | Found Paupp's Antique Armour Shoppe.
 26794 | Orc:2    | Noticed Donald
 26815 | Orc:2    | Mangled by Donald

Illustrated notes

Levels and vault maps discovered:
D:1:      scummos_arrival_forest, layout_loops_ring, roderic_serpentine_path
D:2:      layout_loops_ring, marbit_many_paths, makhleb_grotto_becter,
          minmay_snake_closets
D:3:      layout_basic, old_standard_altar, ebering_ghost_rock_garden,
          minmay_fractal_squares_diagonal_5, uniq_sigmund, uniq_jessica,
          uniq_terence
D:4:      layout_rooms, gammafunk_ghost_smash, chequers_avenue,
          chequers_serial_rivers_small_b, kennysheep_orc_chapel
D:5:      layout_basic, lemuel_coloured_pillars_altar, basic_altar,
          chequers_serial_rivers_large_a, guppyfry_early_orc_mine
D:6:      layout_basic
D:7:      layout_basic, slow_altar_2, lemuel_temple_firewalk_b, enter_bailey_7,
          uniq_maggie
D:8:      layout_basic, grunt_temple_overflow_forces_of_nature,
          nicolae_overflow_crystal_walls, lair_entry_dummy
D:9:      layout_basic, orc_0_dummy
D:10:     layout_roguey, serial_corexii_hall, chequers_hall_statues_y,
          corexii_hall_statues_deadend
Temple:   nicolae_temple_great_sept
Lair:1:   layout_regular_city
Lair:2:   layout_regular_city, minmay_shoals_entry_hut,
          spider_nest_entry_web_field
Lair:3:   layout_small_grid, serial_bayou_pond_a, hangedman_lair_unloving_vines
Lair:4:   layout_hall_layers, minmay_lair_oklob_chamber
Lair:5:   layout_small_grid, dpeg_slime_entry_enclosed_altar,
          chequers_serial_rivers_marsh, grunt_forest_stairs_clearing,
          uniq_josephine
Lair:6:   minmay_lair_end_enchanted_forest, layout_misc_corridors,
          grunt_megastairs_4, lemuel_fruit_tree
Orc:1:    cheibrodos_orc_bank, layout_caves, basic_altar
Orc:2:    grunt_orc_gardens, layout_diamond_mine, grunt_orc_garden,
          grunt_orc_garden, grunt_orc_garden, grunt_orc_garden, uniq_donald

Skill      XL: |  1  2  3  4  5  6  7  8  9 10 11 12 13 14 |
---------------+-------------------------------------------+-----
Short Blades   | 1 2 3 4 5 6 |  6.1
Stealth        | 3 4 6 8 9 10 11 13 14 | 14.4
Dodging        | 3 4 5 6 9 10 | 10.8
Conjurations   | 5 6 8 9 10 11 12 13 | 13.1
Spellcasting   | 3 4 5 7 8 10 11 12 13 | 13.0
Fighting       | 1 2 3 4 5 |  5.6
Armour         | 1 3 |  3.0
Shields        | 1 4 5 |  5.0
Hexes          | 1 |  1.0
Translocations | |  0.8
Air Magic      | |  0.3
Evocations     | |  0.3

Action                   |  1- 3 |  4- 6 |  7- 9 | 10-12 | 13-15 || total
-------------------------+-------+-------+-------+-------+-------++-------
Melee: Short sword       |    21 |    30 |    11 |    32 |    20 ||   114
 Cast: Magic Dart        |    11 |     3 |     4 |     4 |     2 ||    24
       Searing Ray       |    19 |    56 |   101 |   129 |   232 ||   537
       Iskenderun's Myst |       |       |       |       |    14 ||    14
       Dazzling Flash    |       |       |       |       |     3 ||     3
       Mephitic Cloud    |       |       |       |       |     1 ||     1
Invok: Draw Destruction  |       |       |       |     2 |     3 ||     5
       Draw Summoning    |       |       |       |     2 |     1 ||     3
       Draw Escape       |       |       |       |       |     2 ||     2
Evoke: Wand              |       |       |       |       |     1 ||     1
  Use: Scroll            |     2 |     7 |    11 |     6 |     5 ||    31
       Potion            |       |       |     1 |       |     1 ||     2
 Stab: Sleeping          |     3 |    11 |     5 |    24 |    11 ||    54
Armor: Robe              |     9 |     6 |     1 |       |       ||    16
       Leather armour    |       |       |     8 |       |       ||     8
       Steam dragon scal |       |       |       |    29 |    46 ||    75
Dodge: Dodged            |    23 |    44 |    64 |   146 |   545 ||   822
Block: Buckler           |       |       |       |    18 |   138 ||   156
